 Dungeon Crawl Stone Soup version 0.21.1-1-g345015f (webtiles) character file.

108 KaZZacH the Sneak (level 4, -6/21 HPs)
             Began as a Spriggan Venom Mage on May 10, 2018.
             Mangled by an iron imp (12 damage)
             ... summoned by Eustachio
             ... on level 4 of the Dungeon.
             The game lasted 00:23:23 (3611 turns).

KaZZacH the Sneak (Spriggan Venom Mage)             Turns: 3611, Time: 00:23:27

Health: -6/21      AC:  3    Str:  4      XL:     4   Next: 58%
Magic:  1/9        EV: 19    Int: 17      God:
Gold:   169        SH:  0    Dex: 15 (16) Spells: 3/9 levels left

rFire    . . .     SeeInvis +   o - +0 short sword (holy)
rCold    . . .     Gourm    .   (shield restricted)
rNeg     . . .     Faith    .   t - +0 robe
rPois    .         Spirit   .   (helmet restricted)
rElec    .         Reflect  .   (no cloak)
rCorr    .         Harm     .   (gloves unavailable)
MR       .....                  (boots unavailable)
Stlth    +++.......             g - amulet of regeneration
HPRegen  0.47/turn              w - +1 ring of protection
MPRegen  0.11/turn              (no ring)

@: very quick
A: very small, unfitting armour, see invisible, herbivore, speed 3, slow
metabolism 2
a: no special abilities


You were on level 4 of the Dungeon.
You were not hungry.

You visited 1 branch of the dungeon, and saw 4 of its levels.

You collected 169 gold pieces.

Inventory:

Hand Weapons
 i - a +0 dagger
 o - a +0 short sword of holy wrath (weapon)
Missiles
 e - 22 arrows
Armour
 a - a +0 robe
 f - a +0 robe
 n - a +0 robe
 t - a +0 robe (worn)
Jewellery
 g - an amulet of regeneration (around neck)
 w - a +1 ring of protection (left hand)
Scrolls
 d - 6 scrolls of identify {unknown}
 j - 3 scrolls of magic mapping {unknown}
 l - a scroll of enchant armour {unknown}
 m - 2 scrolls of remove curse {unknown}
 q - 3 scrolls of amnesia {unknown}
 v - a scroll of enchant weapon {unknown}
 x - a scroll of blinking {unknown}
Potions
 h - 2 potions of curing
 k - 2 potions of haste {unknown}
 p - a potion of agility {unknown}
 r - a potion of heal wounds {unknown}
 s - 2 potions of might {unknown}
 u - a potion of flight {unknown}
Books
 b - a Young Poisoner's Handbook

   Spells                             Type                      Level
   a - Sting                          Conjuration/Poison           1
   b - Poisonous Vapours              Poison/Air                   2
   c - Mephitic Cloud                 Conjuration/Poison/Air       3
   d - Olgreb's Toxic Radiance        Poison                       4
   e - Venom Bolt                     Conjuration/Poison           5
Comestibles
 c - 2 rations


   Skills:
 + Level 3.9 Dodging
 + Level 4.0 Stealth
 - Level 3.0 Spellcasting
 * Level 1.8 Conjurations
 + Level 0.8 Air Magic
 * Level 3.6 Poison Magic


You had 3 spell levels left.
You knew the following spells:

 Your Spells              Type           Power        Failure   Level  Hunger
a - Sting                 Conj/Pois      ##..         5%          1    None
b - Poisonous Vapours     Pois/Air       ##....       11%         2    ##.....
c - Mephitic Cloud        Conj/Pois/Air  #.......     22%         3    ###....


Dungeon Overview and Level Annotations

Branches:
Dungeon (4/15)
 Temple: D:4-7

Altars:

Annotations:
D:4 Eustachio


Innate Abilities, Weirdness & Mutations

You are very small and have problems with some larger weapons.
You are too small for most types of armour.
You have supernaturally acute eyesight. (SInv)
You are a herbivore.
You cover ground extremely quickly.
You need consume almost no food.


Message History

Aiming: Sting
Press: ? - help, Shift-Dir - straight line, f/p - Eustachio
Aim: Eustachio, wielding a falchion and wearing a dyed leather armour (moderately wounded, poisoned)
The sting hits Eustachio.
Eustachio is moderately wounded.
The iron imp hits you. The white imp hits you. The white imp freezes you.
* * * LOW HITPOINT WARNING * * *
Eustachio hits you but does no damage.
Casting: Sting
Confirm with . or Enter, or press ? or * to list all spells.
Aiming: Sting
Press: ? - help, Shift-Dir - straight line, f/p - Eustachio
Aim: Eustachio, wielding a falchion and wearing a dyed leather armour (moderately wounded, poisoned)
The sting hits Eustachio.
Eustachio appears unharmed.
Eustachio is moderately wounded.
The white imp disappears in a puff of smoke! x2
The iron imp shouts, "Crawl home, thou gleeking weeb-spouting weenchy-treat!"
The iron imp hits you!
Ouch! That really hurt!
You die...

##.####...# ##.##
#...) ###.##
#.### ##...# #.#
##.5.## #.#
##§...### #.#
#5r##...##
########@###....#
###.....5@##
#..#..#
#....##.§##
##.###..#
##..###### ##.##
#..# #..## ##..#
#..# ##..##
##.### #...
###.####.## ...
##.##.## ..
##.†## ####


You could see Eustachio, an iron imp, a crimson imp, a river rat and an
ufetubus.

Vanquished Creatures
  2 adders
  2 oozes (D:1)
  4 worms
  A dart slug (D:2)
  3 leopard geckos
  An orc (D:4)
  7 giant cockroaches
  3 goblins
  5 hobgoblins (D:1)
  10 jackals
  3 kobolds
  A quokka (D:3)
  6 bats
  5 frilled lizards
  A leopard gecko skeleton (D:3)
  6 rats
60 creatures vanquished.

Notes
Turn   | Place    | Note
-------+----------+-------------------------------------------
     0 | D:1      | KaZZacH the Spriggan Venom Mage began the quest for the Orb.
     0 | D:1      | Reached XP level 1. HP: 9/9 MP: 5/5
   276 | D:1      | Reached skill level 1 in Conjurations
   283 | D:1      | Reached XP level 2. HP: 13/13 MP: 2/6
   353 | D:1      | Learned a level 2 spell: Poisonous Vapours
   904 | D:1      | Reached XP level 3. HP: 16/16 MP: 6/8
  1602 | D:2      | Learned a level 3 spell: Mephitic Cloud
  1603 | D:2      | Reached XP level 4. HP: 21/21 MP: 2/9
  2519 | D:3      | Reached skill level 4 in Stealth
  3297 | D:4      | Noticed Eustachio
  3611 | D:4      | Mangled by an iron imp

Skill      XL: |  1  2  3  4 |
---------------+-------------+-----
Conjurations   | 1 |  1.8
Spellcasting   | 3 |  3.0
Stealth        | 4 |  4.0
Dodging        | |  3.9
Air Magic      | |  0.8
Poison Magic   | |  3.6

Action                   |  1- 3 |  4- 6 || total
-------------------------+-------+-------++-------
Melee: Unarmed           |     7 |       ||     7
       Dagger            |    73 |       ||    73
       Short sword       |    11 |    18 ||    29
 Cast: Sting             |    77 |    72 ||   149
       Poisonous Vapours |     4 |     4 ||     8
       Mephitic Cloud    |       |     2 ||     2
  Eat: Ration            |       |     1 ||     1
Armor: Robe              |    13 |     7 ||    20
Dodge: Dodged            |   118 |    26 ||   144
